 Dungeon Crawl Stone Soup version 0.17-a0-1442-g10bb59b (webtiles) character file.

42 mrath the Ducker (level 3, -3/15 HPs)
             Began as a Felid Ice Elementalist on June 27, 2015.
             Slain by a worm (9 damage)
             ... on level 2 of the Dungeon.
             The game lasted 00:25:19 (2355 turns).

mrath the Ducker (Felid Ice Elementalist)           Turns: 2355, Time: 00:25:19

Health: -3/15      AC:  1    Str:  4    XL:     3   Next: 35%
Magic:  0/7        EV: 19    Int: 16    God:
Gold:   22         SH:  0    Dex: 17    Spells: 2 memorised, 3 levels left
                                        Lives:  0   Deaths: 0

rFire  . . .     SeeInvis +       - Unarmed
rCold  . . .     Clarity  .     (armour unavailable)
rNeg   . . .     SustAt   .     (shield unavailable)
rPois  .         Gourm    .     (helmet unavailable)
rElec  .         Spirit   .     (cloak unavailable)
rCorr  .         Warding  .     (gloves unavailable)
rMut   .         Stasis   .     (boots unavailable)
MR     .....                    (no amulet)
Stlth  +++.......               (no ring)
                                (no ring)

@: very slightly contaminated, quick, not resistant to hostile enchantments,
fairly stealthy
A: no armour, no weapons or thrown items, claws 1, fangs 3, see invisible,
carnivore 3, speed 1, shaggy fur 1, slow metabolism 1, sharp paws
a: no special abilities


You were on level 2 of the Dungeon.
You were not hungry.

You visited 1 branch of the dungeon, and saw 2 of its levels.

You collected 22 gold pieces.

Inventory:

Scrolls
 e - a scroll of blinking
Potions
 d - a potion of cancellation {unknown}
Books
 a - a book of Frost

   Spells                             Type                      Level
   a - Freeze                         Ice                          1
   b - Throw Frost                    Conjuration/Ice              2
   c - Ozocubu's Armour               Charms/Ice                   3
   d - Throw Icicle                   Conjuration/Ice              4
   e - Summon Ice Beast               Ice/Summoning                4
   f - Condensation Shield            Ice                          4
Comestibles
 b - a meat ration
 c - 2 chunks of flesh


   Skills:
 + Level 0.4 Fighting
 + Level 3.5 Dodging
 + Level 3.0 Stealth
 + Level 1.1 Unarmed Combat
 + Level 2.2 Spellcasting
 + Level 0.8 Conjurations
 + Level 3.1 Ice Magic


You had 3 spell levels left.
You knew the following spells:

 Your Spells              Type           Power        Failure   Level  Hunger
a - Freeze                Ice            ##..         8%          1    #......
b - Throw Frost           Conj/Ice       #.....       14%         2    ###....


Dungeon Overview and Level Annotations

Branches:
Dungeon (2/15)

Altars:


Innate Abilities, Weirdness & Mutations

You cannot wear armour.
You are incapable of wielding weapons or throwing items.
You have sharp claws.
You have razor-sharp teeth.
You have supernaturally acute eyesight.
You are carnivorous and can eat meat at any time.
You cover ground quickly.
You are covered in fur (AC +1).
You have a slow metabolism.
Your sharp claws are effective at attacking unaware monsters.


Message History

You kill the rat!
Casting: Throw Frost
Confirm with . or Enter, or press ? or * to list all spells.
You can't see any susceptible monsters within range! (Use Z to cast anyway.)
You see here a rat corpse.
You scratch the worm but do no damage. You claw the worm.
The worm is lightly wounded.
The worm bites you.
Casting: Throw Frost
Confirm with . or Enter, or press ? or * to list all spells.
Aiming: Throw Frost
Press: ? - help, Shift-Dir - straight line, f - worm
Aim: a worm (lightly wounded)
The puff of frost hits the worm.
The worm is moderately wounded.
You completely miss the worm.
The worm is moderately wounded.
The worm bites you!
Ouch! That really hurt!
You die...

...###.###.#..##..##..##
... #.# #.#.###.####...
... #.# ..#. #.........
... #b# ....###..#####.#
.. ...............#
.######........
#..).....##
####........#
#.....@.....#
...##..w.....# ..
#........# . #....?...#
#...###### ..... ......
#......


You could see a worm.

Vanquished Creatures
  An adder (D:2)
  4 bats (D:1)
  2 giant cockroaches
  4 hobgoblins
  A ball python (D:1)
  5 giant newts (D:1)
  3 goblins (D:1)
  3 jackals (D:1)
  5 kobolds (D:1)
  7 rats
35 creatures vanquished.

Notes
Turn   | Place    | Note
--------------------------------------------------------------
     0 | D:1      | mrath the Felid Ice Elementalist began the quest for the Orb.
     0 | D:1      | Reached XP level 1. HP: 7/7 MP: 4/4
   186 | D:1      | Reached skill level 3 in Dodging
   205 | D:1      | Reached XP level 2. HP: 11/11 MP: 6/6
   509 | D:1      | Learned a level 2 spell: Throw Frost
  1769 | D:1      | Reached XP level 3. HP: 15/15 MP: 7/7
  2014 | D:2      | Reached skill level 1 in Unarmed Combat
  2355 | D:2      | Slain by a worm

Vault maps used:
D:1:      dpeg_arrival_solitude, minmay_misc_feat_iff, grunt_decor_arrowhead

Action                   || total
-------------------------++-------
Melee: Unarmed           ||    94
 Cast: Freeze            ||    12
       Throw Frost       ||    15
  Use: Scroll            ||     1
 Stab: Sleeping          ||     5
  Eat: Meat ration       ||     1
